 Dungeon Crawl Stone Soup version 0.16.2-12-gd0ad4c3 (webtiles) character file.

35 schauveau the Digger (level 3, -8/19 HPs)
             Began as a Gargoyle Earth Elementalist on Oct 31, 2015.
             Killed by divine providence
             ... invoked by an orc priest
              (9 damage)
             ... on level 3 of the Dungeon.
             The game lasted 00:04:43 (1211 turns).

schauveau the Digger (Gargoyle Earth Elementalist)  Turns: 1211, Time: 00:04:44

Health: -8/19      AC:  5    Str: 11    XL:     3   Next: 33%
Magic:  6/6        EV: 12    Int: 16    God:
Gold:   46         SH:  0    Dex: 10    Spells: 1 memorised, 6 levels left

rFire  . . .     SeeInvis .     y - +0 war axe
rCold  . . .     Clarity  .     c - +0 robe
rNeg   + . .     SustAb   .     (no shield)
rPois  ∞         Gourm    .     (no helmet)
rElec  +         Spirit   .     (no cloak)
rCorr  .         Warding  .     (no gloves)
rMut   .         Stasis   .     (no boots)
MR     .....                    (no amulet)
Stlth  +++.......               w - ring of stealth (curse)
                                l - ring of invisibility

@: not resistant to hostile enchantments, fairly stealthy
A: negative energy resistance 1, electricity resistance, unbreathing,
petrification resistance, rot immunity, AC +3
a: Evoke Invisibility


You were on level 3 of the Dungeon.
You were not hungry.

You visited 1 branch of the dungeon, and saw 4 of its levels.

You collected 46 gold pieces.

Inventory:

Hand weapons
 m - a +0 whip
 n - a +0 club
 y - a +0 war axe (weapon)
Missiles
 b - 54 stones (quivered)
 o - 12 poisoned needles
Armour
 c - a +0 robe (worn)
 i - a +0 cloak
Jewellery
 l - a ring of invisibility (left hand)
 w - a cursed ring of stealth (right hand)
Scrolls
 f - a scroll of enchant weapon {unknown}
 h - a scroll of blinking {unknown}
 j - a scroll of remove curse {unknown}
 k - a scroll of immolation {unknown}
 r - a scroll of recharging {unknown}
 t - a scroll of fear {unknown}
 x - a scroll of random uselessness {unknown}
Potions
 e - a potion of restore abilities {unknown}
 p - a potion of might
 q - a potion of magic
 u - a potion of heal wounds {unknown}
Books
 d - a book of Geomancy

   Spells                             Type                      Level
   a - Sandblast                      Earth                        1
   b - Stoneskin                      Transmutation/Earth          2
   c - Passwall                       Transmutation/Earth          3
   d - Stone Arrow                    Conjuration/Earth            3
   e - Petrify                        Transmutation/Earth          4
   f - Lee's Rapid Deconstruction     Earth                        5
Comestibles
 a - 4 bread rations
 g - 5 chunks of flesh
 s - a beef jerky
 v - a meat ration


   Skills:
 - Level 1.5 Dodging
 - Level 2.1 Stealth
 + Level 2.7 Spellcasting
   Level 0.7 Transmutations
 + Level 4.5 Earth Magic
 + Level 0.0 Evocations


You had 6 spell levels left.
You knew the following spells:

 Your Spells              Type           Power        Failure   Level  Hunger
a - Sandblast             Erth           ###...       3%          1    #......


Dungeon Overview and Level Annotations

Branches:
Dungeon (4/15)
 Temple: D:4-7

Altars:


Innate Abilities, Weirdness & Mutations

You are resistant to torment.
You are immune to poison.
Your stone body is very resilient (AC +3).
You resist negative energy.
You are resistant to electric shocks.
You can survive without breathing.
You are immune to petrification.
You are immune to rotting.


Message History

You hit the orc.
You kill the orc!
An orc priest comes into view. It is wielding a trident.
Things that are here:
a club; a ring mail You closely miss the goblin.
The goblin hits you with a club.
An orc wizard comes into view. It is wielding a dagger.
The orc priest shouts!
You slash the goblin!
You kill the goblin!
The orc wizard gestures at you while chanting.
The magic dart hits you!
The orc priest mumbles some strange prayers to Beogh against you.
Pain shoots through your body!
* * * LOW HITPOINT WARNING * * *
The orc wizard casts a spell.
The orc wizard blinks!
The orc priest calls down the wrath of Beogh upon you.
Something smites you!
You die...

.#..#.#########.#)..........#
#...##.## #.#.#.........#
.....#...## #.#...........#
#.....#.... ###.##...........
.......... .................#
.........#### #####.........>.
......§..##..#### ##...........#
#...>..))o......####...>#####..r.
##............#.@..#.#..# ....
##..#.##.....####.#....# ... ##
#. #...÷...........# #
#.....####......# #.....#
#........... ....#..##
#.......###. #....#### #.........
..... #.......... .... ......#.#.


You could see an orc priest.

Vanquished Creatures
  A giant gecko (D:2)
  2 orcs
  3 bats
  2 giant cockroaches
  6 hobgoblins
  4 kobolds
  A ball python (D:1)
  2 giant newts (D:1)
  5 goblins
  3 rats
29 creatures vanquished.

Notes
Turn   | Place    | Note
--------------------------------------------------------------
     0 | D:1      | schauveau, the Gargoyle Earth Elementalist, began the quest for the Orb.
     0 | D:1      | Reached XP level 1. HP: 10/10 MP: 3/3
   275 | D:2      | Reached skill level 4 in Earth Magic
   357 | D:1      | Reached XP level 2. HP: 10/15 MP: 2/4
   992 | D:2      | Reached XP level 3. HP: 11/19 MP: 2/6
  1211 | D:3      | Killed from afar by an orc priest

Action                   || total
-------------------------++-------
Melee: Unarmed           ||     6
       Club              ||    32
       Whip              ||     8
       War axe           ||     5
 Cast: Sandblast         ||    43
  Use: Scroll            ||     2
  Eat: Chunk             ||     2
